 Dungeon Crawl Stone Soup version 0.18.1-50-g88ac8fd (webtiles) character file.

371 magog001 the Charlatan (level 6, -10/55 HPs)
             Began as a Deep Dwarf Artificer on Sept 15, 2017.
             Mangled by an ogre
             ... wielding a +0 giant club
              (27 damage)
             ... on level 5 of the Dungeon.
             The game lasted 00:20:01 (2714 turns).

magog001 the Charlatan (Deep Dwarf Artificer)       Turns: 2714, Time: 00:20:02

Health: -10/55     AC:  4    Str: 16    XL:     6   Next: 42%
Magic:  7/7        EV: 14    Int: 13    God:
Gold:   159        SH:  0    Dex: 13    Spells: 1 memorised, 3 levels left

rFire  + . .     SeeInvis .     a - +0 short sword
rCold  . . .     Gourm    .     b - +1 leather armour
rNeg   . . .     Faith    .     (no shield)
rPois  .         Spirit   .     (no helmet)
rElec  .         Dismiss  .     (no cloak)
rCorr  .         Reflect  .     (no gloves)
SustAt .         Harm     .     (no boots)
MR     .....     Rnd*Tele +     (no amulet)
Stlth  +.........               y - ring of protection from fire
                                p - ring of teleportation

@: non-regenerating, not resistant to hostile enchantments, very unstealthy
A: damage resistance, recharge devices, sense surroundings 1, slow regeneration
3
a: Device Recharging


You were on level 5 of the Dungeon.
You were not hungry.

You visited 1 branch of the dungeon, and saw 5 of its levels.

You collected 159 gold pieces.

Inventory:

Hand Weapons
 a - a +0 short sword (weapon)
 q - a +0 hunting sling
 A - a +1 blowgun
Missiles
 B - 17 poisoned needles
Armour
 b - a +1 leather armour (worn)
Jewellery
 p - a ring of teleportation (left hand)
 y - a ring of protection from fire (right hand)
Wands
 c - a wand of flame (11/48)
 d - a wand of enslavement (15/24)
 e - a wand of random effects (13/48)
 f - a wand of heal wounds (7/9)
Scrolls
 h - 2 scrolls of recharging
 i - a scroll of magic mapping
 j - 5 scrolls of identify
 l - 3 scrolls of remove curse
 m - a scroll of enchant armour
Potions
 k - a potion of berserk rage
 o - a potion of brilliance {unknown}
 u - a potion of resistance {unknown}
Books
 r - a Young Poisoner's Handbook

   Spells                             Type                      Level
   a - Sting                          Conjuration/Poison           1
   b - Cure Poison                    Poison                       2
   c - Mephitic Cloud                 Conjuration/Poison/Air       3
   d - Olgreb's Toxic Radiance        Poison                       4
   e - Venom Bolt                     Conjuration/Poison           5
Comestibles
 g - 4 bread rations
 t - 5 fruits
 v - 2 meat rations
 z - a beef jerky


   Skills:
 * Level 2.5 Fighting
 + Level 2.0 Short Blades
 + Level 0.1 Throwing
 * Level 2.6 Armour
 * Level 5.0 Dodging
 - Level 1.2 Stealth
 * Level 5.2 Evocations


You had 3 spell levels left.
You knew the following spells:

 Your Spells              Type           Power        Failure   Level  Hunger
a - Cure Poison           Pois           #.........   58%         2    ###....


Dungeon Overview and Level Annotations

Branches:
Dungeon (4/15)
 Temple: D:4-7

Altars:
Fedhas
Kikubaaqudgha
Qazlal


Innate Abilities, Weirdness & Mutations

You are resistant to damage.
You can recharge devices by infusing magical energy.
You passively map a small area around you.
You do not regenerate naturally.


Message History

The ogre is moderately wounded.
The ogre misses you.
You puncture the ogre!
The ogre is severely wounded.
The ogre closely misses you.
You hit the ogre.
The ogre is severely wounded.
You barely miss the ogre.
The ogre is severely wounded.
The ogre closely misses you.
You hit the ogre.
The ogre is severely wounded.
The ogre barely misses you.
You hit the ogre.
The ogre is almost dead.
The ogre hits you with a giant club!
You hit the ogre.
The ogre is almost dead.
The ogre hits you with a giant club!!
You die...

, , . .* * .#.
, ** * ...
##.## * , ,
... , , ,
*#.#* ** ,,
###.#### *
#......# *
#.####@# *,,
#.# ##O#######
#.# #.........
,, *
...,#..#######
, * ,
..#..#..# *
,..#*#..$..
*#.. #..##.#,
* * * ##.
#..## .. * * *
*# ....#
,...,* *


You could see an ogre.

Vanquished Creatures
  An ogre (D:3)
  A jelly (D:1)
  A hound (D:5)
  A hound skeleton (D:4)
  7 adders
  5 oozes (D:1)
  A worm (D:3)
  3 giant geckos
  7 orcs (D:3)
  9 bats
  8 giant cockroaches
  6 hobgoblins
  6 jackals (D:1)
  3 quokkas
  A ball python (D:1)
  4 giant newts
  6 goblins
  9 kobolds
  5 rats
84 creatures vanquished.

Vanquished Creatures (collateral kills)
  An orc priest (D:3)
1 creature vanquished.

Vanquished Creatures (others)
  An orc wizard (D:3)
  An orc (D:3)
2 creatures vanquished.

Grand Total: 87 creatures vanquished

Notes
Turn   | Place    | Note
--------------------------------------------------------------
     0 | D:1      | magog001 the Deep Dwarf Artificer began the quest for the Orb.
     0 | D:1      | Reached XP level 1. HP: 16/16 MP: 3/3
     0 | D:1      | Noticed a jelly
     1 | D:1      | Found a runed door.
    75 | D:1      | Reached skill level 1 in Fighting
   197 | D:1      | Reached XP level 2. HP: 18/25 MP: 5/5
   528 | D:1      | Reached skill level 1 in Armour
   608 | D:1      | Reached XP level 3. HP: 28/31 MP: 6/6
   644 | D:1      | Reached skill level 1 in Short Blades
   665 | D:1      | Reached XP level 4. HP: 30/38 MP: 7/7
  1029 | D:2      | Found a blossoming altar of Fedhas.
  1152 | D:2      | Found an ancient bone altar of Kikubaaqudgha.
  1165 | D:2      | Found a blossoming altar of Fedhas.
  1448 | D:2      | Found a stormy altar of Qazlal.
  1531 | D:2      | You fall through a shaft for 2 floors!
  1555 | D:3      | Reached XP level 5. HP: 44/45 MP: 7/7
  2292 | D:3      | Noticed an ogre
  2302 | D:3      | Killed an ogre
  2302 | D:3      | Reached skill level 5 in Evocations
  2302 | D:3      | Reached XP level 6. HP: 47/52 MP: 7/7
  2572 | D:3      | Learned a level 2 spell: Cure Poison
  2671 | D:4      | You fall through a shaft!
  2671 | D:5      | Entered Level 5 of the Dungeon
  2701 | D:5      | Reached skill level 5 in Dodging
  2714 | D:5      | Mangled by an ogre

Skill      XL: |  1  2  3  4  5  6 |
---------------+-------------------+-----
Fighting       | 1 2 |  2.5
Armour         | 1 2 |  2.6
Dodging        | 3 4 5 |  5.0
Short Blades   | 1 2 |  2.0
Evocations     | 5 |  5.2
Throwing       | |  0.1
Stealth        | |  1.2

Action                   |  1- 3 |  4- 6 || total
-------------------------+-------+-------++-------
Melee: Short sword       |   162 |   333 ||   495
 Fire: Blowgun           |       |     6 ||     6
 Abil: Device Recharging |       |     2 ||     2
Evoke: Wand              |     6 |    11 ||    17
  Use: Scroll            |       |     9 ||     9
 Stab: Sleeping          |       |     2 ||     2
       Paralysed         |       |     2 ||     2
  Eat: Bread ration      |       |     1 ||     1
       Chunk             |       |     2 ||     2
Armor: Leather armour    |    37 |    62 ||    99
Dodge: Dodged            |   146 |   249 ||   395
